 Dungeon Crawl Stone Soup version 0.29.1-15-g9cfb28693d (webtiles) character file.

Game seed: 8637305241947468316

2868 Heoruswealwe the Thaumaturge (level 9, -1/45 HPs)
             Began as a Deep Elf Earth Elementalist on Apr 12, 2023.
             Was a Priest of Qazlal.
             Killed from afar by an orc wizard (11 damage)
             ... with a puff of flame
             ... on level 9 of the Dungeon.
             The game lasted 00:30:06 (3336 turns).

Heoruswealwe the Thaumaturge (DEEE)                 Turns: 3336, Time: 00:30:07

Health: -1/45      AC:  7    Str:  8    XL:     9   Next: 47%
Magic:  14/36      EV: 12    Int: 25    God:    Qazlal [***...]
Gold:   509        SH:  4    Dex: 15    Spells: 22/32 levels left

rFire   . . .      SeeInvis .   (no weapon)
rCold   . . .      Faith    .   (no shield)
rNeg    . . .      Spirit   .   a - +0 robe
rPois   .          Reflect  .   s - +0 helmet of Midsummer {Str+3}
rElec   .          Harm     .   f - scarf {+Inv}
rCorr   .          Rampage  .   (no gloves)
Will    .....                   (no boots)
Stlth   +.........              (no amulet)
HPRegen 0.15/turn               h - ring of magical power
MPRegen 0.25/turn               r - +4 ring of protection

@: unable to read
A: inability to read after injury 1, MP-powered wands
a: Renounce Religion, Evoke Invisibility, Upheaval, Elemental Force


You were on level 9 of the Dungeon.
You worshipped Qazlal.
Qazlal was most pleased with you.
You visited 1 branch of the dungeon, and saw 9 of its levels.
You also visited: Sewer and Ossuary.

You collected 509 gold pieces.

Inventory:

Armour
 a - a +0 robe (worn)
 f - a scarf of invisibility (worn)
 s - the +0 helmet of Midsummer (worn) {Str+3}
   (You found it on level 3 of the Dungeon)

   Str:       It affects your strength (+3).
Magical Staves
 k - a staff of death
Jewellery
 h - a ring of magical power (left hand)
 q - a +6 ring of strength
 r - a +4 ring of protection (right hand)
Wands
 d - a wand of iceblast (5)
Scrolls
 c - a scroll of teleportation
 g - a scroll of fear
Potions
 b - 2 potions of magic
 e - 2 potions of might
 m - a potion of lignification
 v - a potion of haste


   Skills:
 - Level 2.4 Dodging
 - Level 2.4 Stealth
 + Level 12.3 Spellcasting
 - Level 1.1 Transmutations
 + Level 10.7 Earth Magic


You had 22 spell levels left.
You knew the following spells:

 Your Spells              Type           Power      Damage    Failure   Level
a - Sandblast             Erth           100%       2d20      1%          1
b - Stone Arrow           Conj/Erth      84%        3d12      1%          3
c - Petrify               Tmut/Erth      45%        N/A       3%          4
z - Passwall              Tmut/Erth      37%        N/A       1%          2

Your spell library contained the following spells:

 Spells                   Type           Power      Damage    Failure   Level
 Gell's Gravitas          Tloc           15%        N/A       12%         3
 Teleport Other           Tloc           15%        N/A       12%         3
 Dispersal                Tloc           7%         N/A       99%         6


Dungeon Overview and Level Annotations

Branches:
Dungeon (9/15)              Sewer (visited)         Ossuary (visited)
 Temple: D:4-7         Lair: D:8-11         Orc: D:9-12

Altars:
Qazlal

Shops:
D:5 (


Innate Abilities, Weirdness & Mutations

You occasionally lose the ability to read scrolls when taking damage.
You expend magic power (3 MP) to strengthen your wands.


Message History

The basilisk gazes at you. You resist with some effort.
The basilisk bites you! x2
* * * LOW HITPOINT WARNING * * *
You hear a shout!
The basilisk bites you.
An orc wizard comes into view. It is wielding a +0 dagger.
The basilisk bites you!
* * * LOW HITPOINT WARNING * * *
The basilisk bites you!
You feel threatened and lose the ability to read scrolls!
* * * LOW HITPOINT WARNING * * *
The basilisk gazes at you. You resist with some effort.
You hear a shout!
The basilisk is engulfed in freezing vapours.
The basilisk seems to slow down.
You kill the basilisk!
Qazlal accepts your kill.
You turn to flesh and can move again.
Casting: Sandblast (safe; 1% risk of failure)
Confirm with . or Enter, or press ? or * to list all spells.
Aiming: Sandblast (safe; 1% risk of failure)
Press: ? - help, Shift-Dir - straight line, f - orc wizard
Aim: an orc wizard, wielding a +0 dagger and wearing a +0 robe (82% to hit)
Okay, then.
You feel better.
An orc comes into view. It is wielding a +0 hand axe.
Casting: Sandblast (safe; 1% risk of failure)
Confirm with . or Enter, or press ? or * to list all spells.
Aiming: Sandblast (safe; 1% risk of failure)
Press: ? - help, Shift-Dir - straight line, f - orc wizard
Aim: an orc wizard, wielding a +0 dagger and wearing a +0 robe (82% to hit)
The blast of sand hits the orc wizard!
The orc wizard is heavily wounded.
You hear a shout!
The orc wizard casts a spell at you.
You hear a sizzling sound!
The puff of flame hits you!
You die...

#........
#.........
#.........
#..<......
#.........
#.........
#..†......
#○☼○......
#.@†......
#)........
#.o.†.....
#.........
#.).......
#.........
#.o.......
#.........
#........


You could see an orc wizard and an orc.

Vanquished Creatures
  A two-headed ogre (D:9)
  A wyvern (D:8)
  5 yaks (D:9)
  A basilisk (D:9)
  An orc warrior (D:8)
  A black bear (D:7)
  A centaur (D:5)
  5 kobold brigands
  3 bullfrogs
  A howler monkey (D:6)
  2 human zombies (Ossuary)
  A jelly (D:7)
  An iguana (D:5)
  An orc wizard (D:8)
  2 mummies (Ossuary)
  5 gnolls
  7 adders
  4 river rats (Sewer)
  An ufetubus (D:5)
  A worm (D:3)
  A dart slug (D:3)
  7 orcs
  6 bats
  8 endoplasms
  2 giant cockroaches
  4 gnoll zombies (Ossuary)
  6 goblins
  9 hobgoblins
  12 jackals
  18 kobolds
  2 quokkas
  8 ball pythons
  5 frilled lizards
  2 goblin zombies (Ossuary)
  2 hobgoblin zombies (Ossuary)
  4 orc zombies (Ossuary)
  6 rats
147 creatures vanquished.

Vanquished Creatures (others)
  41 plants (Sewer)
41 creatures vanquished.

Grand Total: 188 creatures vanquished

Notes
Turn   | Place    | Note
-------+----------+-------------------------------------------
     0 | D:1      | Heoruswealwe the Deep Elf Earth Elementalist began the
                  | quest for the Orb.
     0 | D:1      | Reached XP level 1. HP: 10/10 MP: 6/6
    64 | D:1      | Reached XP level 2. HP: 15/15 MP: 3/8
    67 | D:1      | Learned a level 2 spell: Passwall
   360 | D:1      | Reached skill level 4 in Spellcasting
   507 | D:1      | Reached XP level 3. HP: 19/19 MP: 6/10
   511 | D:1      | Learned a level 3 spell: Stone Arrow
  1035 | D:2      | Reached XP level 4. HP: 24/24 MP: 10/12
  1040 | D:2      | Learned a level 4 spell: Petrify
  1126 | D:2      | Found a faded altar of an unknown god.
  1287 | D:2      | Prayed at the altar of an unknown god.
  1287 | D:2      | Became a worshipper of Qazlal Stormbringer
  1287 | D:2      | Reached * piety under Qazlal
  1353 | D:3      | Identified the +0 helmet of Midsummer {Str+3}
  1392 | D:3      | Reached skill level 5 in Spellcasting
  1576 | D:3      | Found a glowing drain.
  1602 | Sewer    | Entered a sewer
  1625 | Sewer    | Reached skill level 5 in Earth Magic
  1663 | Sewer    | Noticed a kobold brigand
  1666 | Sewer    | Killed a kobold brigand
  1667 | Sewer    | Reached XP level 5. HP: 28/28 MP: 10/15
  1712 | Sewer    | Reached ** piety under Qazlal
  1724 | Sewer    | Reached skill level 6 in Spellcasting
  1739 | Sewer    | Reached XP level 6. HP: 32/32 MP: 12/17
  1854 | Sewer    | Gained mutation: You occasionally lose the ability to read
                  | scrolls when taking damage. [potion of mutation]
  1854 | Sewer    | Gained mutation: You expend magic power (3 MP) to
                  | strengthen your wands. [potion of mutation]
  2617 | D:4      | Reached skill level 7 in Spellcasting
  2641 | D:5      | Entered Level 5 of the Dungeon
  2694 | D:5      | Found Ciowkoph's Weapon Boutique.
  2860 | D:5      | Found a sand-covered staircase.
  2870 | D:5      | Reached XP level 7. HP: 9/36 MP: 20/20
  2879 | Ossuary  | Entered an ossuary
  2901 | Ossuary  | Reached *** piety under Qazlal
  3089 | D:5      | Reached skill level 8 in Spellcasting
  3246 | D:7      | Reached skill level 9 in Spellcasting
  3246 | D:7      | Reached XP level 8. HP: 41/41 MP: 23/23
  3289 | D:9      | Noticed a two-headed ogre
  3295 | D:9      | Killed a two-headed ogre
  3296 | D:9      | Reached skill level 11 in Spellcasting
  3299 | D:9      | Reached XP level 9. HP: 28/45 MP: 24/26
  3303 | D:9      | Reached skill level 10 in Earth Magic
  3316 | D:9      | Reached skill level 12 in Spellcasting
  3332 | D:9      | HP: 1/45 [basilisk (7)]
  3336 | D:9      | Killed from afar by an orc wizard

Illustrated notes

Levels and vault maps discovered:
D:1:      lordsloth_arrival_two_stooges, layout_loops_ring
D:2:      layout_loops_ring, ebering_ecumenical_altar_hall,
          dreamdust_wishing_well, kennysheep_generic_room_3
D:3:      layout_loops_ring, cheibrodos_sewer_entry_sluice
D:4:      layout_cave_pods, kiku_gazebo_pond_becter, serial_demonic,
          serial_demonic_a, serial_demonic_g, serial_demonic_c,
          serial_demonic_d, nicolae_concentric_dashed_squares_wild, uniq_pikel
D:5:      layout_basic, lightli_ossuary_entry_decrepit_ruins, serial_shops,
          shop, nicolae_shop_bloodbath_and_beyond, nicolae_shop_crystal, shop,
          kennysheep_little_box, uniq_blork_the_orc, uniq_eustachio
D:6:      layout_loops_ring, yredelemnul_forgotten_temple_becter, zin_statuary,
          nicolae_overflow_hallway_of_the_gods, nicolae_dithmenos_shadow_blocks,
          uniq_crazy_yiuf_cottage
D:7:      layout_basic, temple_doors_ab
D:8:      layout_loops_cross, minmay_misc_feat_secret_circle, uniq_joseph,
          uniq_grum
D:9:      layout_cross, kennysheep_mini_moat, david_lair_generic,
          hiddenorc1_lemuel

Skill      XL: |  1  2  3  4  5  6  7  8  9 |
---------------+----------------------------+-----
Spellcasting   | 4 5 6 7 9 11 12 | 12.3
Earth Magic    | 4 5 6 7 9 10 | 10.7
Dodging        | |  2.4
Stealth        | |  2.4
Transmutations | |  1.1

Action                   |  1- 3 |  4- 6 |  7- 9 || total
-------------------------+-------+-------+-------++-------
Melee: Unarmed           |     1 |   185 |     1 ||   187
       Punch             |       |     5 |       ||     5
 Cast: Sandblast         |    45 |    87 |   103 ||   235
  Use: Potion            |       |    10 |     3 ||    13
       Scroll            |       |     7 |     1 ||     8
Armor: Robe              |     4 |     9 |     9 ||    22
Dodge: Dodged            |     7 |    10 |    34 ||    51
Block: Other             |       |     4 |     8 ||    12
